WCHLSIM.com - West Coast Hockey League
html PUBLIC "-//W3C//DTD XHTML 1.0 Transitional//EN" "http://www.w3.org/TR/xhtml1/DTD/xhtml1-transitional.dtd"> WCHL - Game 799 - PORTLAND PIRATES vs SASKATOON DUCKS

PORTLAND PIRATES vs SASKATOON DUCKS

Created - 10 février 2024 at 21:03

Goals
1 2 3 T
PORTLAND PIRATES 2 0 2 4
SASKATOON DUCKS 1 2 0 3
Shots
1 2 3 T
PORTLAND PIRATES 14 13 8 35
SASKATOON DUCKS 10 9 6 25

1st period

1. PORTLAND PIRATES , Michael Amadio 8 (Nathan Bastian 4, Brett Pesce 14) at 2:02
2. SASKATOON DUCKS , Milan Lucic 1 (Jaycob Megna 3, Nils Aman 1) at 6:13
3. PORTLAND PIRATES , Pavel Zacha 12 (Chandler Stephenson 29, Yanni Gourde 25) at 11:22

Penalties :
Mathieu Joseph (SAS) for High sticking (Minor) at 11:43

2nd period

4. SASKATOON DUCKS , Mathieu Joseph 11 (Ivan Barbashev 21, Anton Forsberg) at 4:28 (PP)
5. SASKATOON DUCKS , Ryan Strome 8 (Mathieu Joseph 13, Ivan Barbashev 22) at 9:16 (PP)

Penalties :
Marc Staal (POR) for Holding (Minor) at 4:11, Travis Hamonic (POR) for Tripping (Minor) at 8:48, Ben Chiarot (SAS) for High sticking (Minor) at 12:17

3rd period

6. PORTLAND PIRATES , Mika Zibanejad 30 (Robert Thomas 27, Thomas Chabot 13) at 7:43
7. PORTLAND PIRATES , Mika Zibanejad 31 (Robert Thomas 28, Brett Pesce 15) at 17:54

Penalties :
Jake Guentzel (SAS) for Roughing (Minor) at 11:00

Goalie Stats

Cameron Talbot (POR), 22 saves from 25 shots - (0,880), W, 5-5-0, 60:00 minutes
Anton Forsberg (SAS), 31 saves from 35 shots - (0,886), L, 3-4-0, 60:00 minutes

Players Stats for PORTLAND PIRATES

Player Name              G  A  P  +/- PIM S  H  SB GA TA FO     MP     PP MP  PK MP  
------------------------------------------------------------------------------------
Alec Martinez            0  0  0   1  0   2  0  1  0  0  0/0    17:13   0:00   0:45 
Brett Pesce              0  2  2   1  0   0  0  2  0  0  0/0    19:37   0:47   0:17 
Brian Dumoulin           0  0  0   1  0   0  0  0  0  0  0/0    19:11   0:00   0:28 
Chandler Stephenson      0  1  1   1  0   2  0  0  0  0  13/21  21:00   3:16   0:00 
Jonathan Toews           0  0  0  -1  0   1  0  0  0  0  10/15  12:54   0:34   0:00 
Marc Staal               0  0  0   1  2   0  1  1  0  0  0/0    11:14   0:00   0:00 
Michael Amadio           1  0  1   0  0   1  0  0  0  0  1/1    18:21   1:31   0:00 
Michael McLeod           0  0  0   1  0   0  0  0  0  0  4/6     9:20   3:39   0:45 
Mika Zibanejad           2  0  2   2  0   6  1  0  0  0  15/22  22:34   3:50   0:00 
Nathan Bastian           0  1  1   1  0   0  0  0  0  0  0/0     5:15   0:00   0:45 
Nick Holden              0  0  0   0  0   0  0  0  0  0  0/0     8:26   3:39   0:00 
Pavel Zacha              1  0  1   1  0   3  1  0  0  0  1/1    19:25   2:07   0:00 
Robert Thomas            0  2  2   2  0   9  1  1  0  0  5/6    20:51   2:07   0:00 
Thomas Chabot            0  1  1   1  0   2  1  0  0  0  0/0    21:01   2:18   0:00 
Travis Hamonic           0  0  0   1  2   0  2  2  0  0  0/0    18:06   0:00   0:00 
Travis Konecny           0  0  0   2  0   4  0  1  0  0  0/1    22:34   3:50   0:00 
William Carrier          0  0  0  -1  0   1  1  0  0  0  0/0    12:20   0:00   0:00 
Yanni Gourde             0  1  1   1  0   4  1  0  0  0  1/2    19:51   2:07   0:00 

Players Stats for SASKATOON DUCKS

Player Name              G  A  P  +/- PIM S  H  SB GA TA FO     MP     PP MP  PK MP  
------------------------------------------------------------------------------------
Ben Chiarot              0  0  0  -2  2   0  1  1  0  0  0/0    19:31   0:45   1:52 
Chris Tanev              0  0  0   0  0   0  2  2  0  0  0/0    14:15   0:00   1:04 
Damon Severson           0  0  0  -2  0   2  0  0  0  0  0/0    20:36   0:45   2:56 
Ivan Barbashev           0  2  2  -3  0   1  1  0  0  0  6/16   18:14   0:45   2:21 
Jake Guentzel            0  0  0   0  2   5  1  0  0  0  1/3    18:22   0:00   0:00 
Jake Sanderson           0  0  0  -1  0   0  0  2  0  0  0/0    26:13   0:00   3:01 
Jaycob Megna             0  1  1   0  0   0  2  1  0  0  0/0    13:11   0:00   0:00 
John Tavares             0  0  0   0  0   2  1  1  0  0  1/2    20:44   0:00   2:21 
Kailer Yamamoto          0  0  0   0  0   2  1  0  0  0  0/2    11:24   0:00   0:00 
Kasperi Kapanen          0  0  0   0  0   3  3  0  0  0  0/1    11:24   0:00   0:00 
Mathieu Joseph           1  1  2  -3  2   6  1  1  0  0  1/2    18:18   0:45   2:26 
Matt Martin              0  0  0   0  0   0  2  0  0  0  0/0     8:23   0:00   0:00 
Milan Lucic              1  0  1   0  0   1  0  0  0  0  0/1     9:33   0:00   1:10 
Nils Aman                0  1  1   0  0   0  0  1  0  0  3/9     8:23   0:00   0:00 
Paul Stastny             0  0  0   0  0   0  1  0  0  0  2/11   11:24   0:00   0:00 
Ryan Strome              1  0  1  -3  0   1  0  1  0  0  0/1    15:53   0:45   0:00 
Samuel Girard            0  0  0  -1  0   0  1  2  0  0  0/0    26:13   0:00   3:01 
Sidney Crosby            0  0  0   0  0   2  1  0  0  0  11/27  21:59   0:00   3:36 

3 Stars

1 - Mika Zibanejad (POR)
2 - Robert Thomas (POR)
3 - Pavel Zacha (POR)

Power Play

PORTLAND PIRATES - 0 on 3 Attempt(s) - 0,00%
SASKATOON DUCKS - 2 on 2 Attempt(s) - 100,00%

Penalty Kill

PORTLAND PIRATES - 0 on 2 Attempt(s) - 0,00% - Score 0 goal in Penalty Kill
SASKATOON DUCKS - 3 on 3 Attempt(s) - 100,00% - Score 0 goal in Penalty Kill

Team Stat

PORTLAND PIRATES - Hits : 9 - Faceoff Wins : 50 - Blocked Shots : 8 - Penalty Minutes : 4
SASKATOON DUCKS - Hits : 18 - Faceoff Wins : 25 - Blocked Shots : 12 - Penalty Minutes : 6

Official

Referees : Michael Markovic and Dave Lewis
Linesman : Matt MacPherson and Travis Gawryletz

Game Notes

No Game Note

Finance

Level 1 -- Attendance: 6102 (92,45%) -- Ticket Income 854 280 $
Level 2 -- Attendance: 5600 (100,00%) -- Ticket Income 532 000 $
Level 3 -- Attendance: 2200 (100,00%) -- Ticket Income 143 000 $
Level 4 -- Attendance: 4600 (100,00%) -- Ticket Income 207 000 $
Luxury Box -- Attendance: 1000 (100,00%) -- Ticket Income 260 000 $
Total Attendance: 19502 (97,51%)
Total Ticket Income: 1 996 280 $
Other Expense: 19 963 $
Total Income: 1 976 317 $

PORTLAND PIRATES

5 vs 5 Forward 
   Center                   Left Wing                Right Wing               Time % Phy DF OF 
 1 Mika Zibanejad           Travis Konecny           Robert Thomas            34     0   1  4  
 2 Chandler Stephenson      Pavel Zacha              Yanni Gourde             32     0   2  3  
 3 Jonathan Toews           William Carrier          Michael Amadio           24     0   2  3  
 4 Michael McLeod           Michael Amadio           Nathan Bastian           10     0   3  2  

5 vs 5 Defense 
   Defense                  Defense                                           Time % Phy DF OF 
 1 Brett Pesce              Travis Hamonic                                    34     0   4  1  
 2 Brian Dumoulin           Thomas Chabot                                     34     0   4  1  
 3 Marc Staal               Alec Martinez                                     22     0   4  1  
 4 Nick Holden              Alec Martinez                                     10     0   4  1  

PowerPlay Forward 
   Center                   Left Wing                Right Wing               Time % Phy DF OF 
 1 Mika Zibanejad           Chandler Stephenson      Travis Konecny           60     0   0  5  
 2 Robert Thomas            Pavel Zacha              Yanni Gourde             40     0   0  5  

PowerPlay Defense
   Defense                  Defense                                           Time % Phy DF OF 
 1 Thomas Chabot            Michael Amadio                                    60     0   1  4  
 2 Nick Holden              Michael McLeod                                    40     0   1  4  

Penalty Kill 4 Players Forward 
   Center                   Wing                     Time % Phy DF OF 
 1 Michael McLeod           Nathan Bastian           60     0   5  0  
 2 Yanni Gourde             Michael Amadio           40     0   5  0  

Penalty Kill 4 Players Defense
   Defense                  Defense                  Time % Phy DF OF 
 1 Brett Pesce              Marc Staal               60     0   5  0  
 2 Brian Dumoulin           Alec Martinez            40     0   5  0  

Penalty Kill - 3 Players Forward 
   Forward                                           Time % Phy DF OF 
 1 Michael McLeod                                    55     0   5  0  
 2 Chandler Stephenson                               45     0   5  0  

Penalty Kill - 3 Players Defense
   Defense                  Defense                  Time % Phy DF OF 
 1 Brian Dumoulin           Travis Hamonic           55     0   5  0  
 2 Brett Pesce              Marc Staal               45     0   5  0  

4 vs 4 Forward 
   Center                   Wing                     Time % Phy DF OF 
 1 Mika Zibanejad           Travis Konecny           55     0   1  4  
 2 Robert Thomas            Chandler Stephenson      45     0   1  4  

4 vs 4 Defense
   Defense                  Defense                  Time % Phy DF OF 
 1 Thomas Chabot            Nick Holden              55     0   3  2  
 2 Alec Martinez            Travis Hamonic           45     0   3  2  

Last Minutes Offensive
   Center                   Left Wing                Right Wing               Defense                  Defense                  
   Mika Zibanejad           Travis Konecny           Robert Thomas            Thomas Chabot            Brett Pesce              

Last Minutes Defensive
   Center                   Left Wing                Right Wing               Defense                  Defense                  
   Michael McLeod           Chandler Stephenson      Yanni Gourde             Brian Dumoulin           Brett Pesce              

Goaltenders
Starting : Cameron Talbot           
Backup : Martin Jones             

Extra Forwards
Normal : William Carrier, Michael McLeod, Michael Amadio - PP : Jonathan Toews, William Carrier - PK : Jonathan Toews
Extra Defensemen
Normal : Alec Martinez, Marc Staal, Travis Hamonic - PP : Brett Pesce - PK : Alec Martinez, Nick Holden
Penalty Shots
Mika Zibanejad, Travis Konecny, Robert Thomas, Chandler Stephenson, Pavel Zacha
Custom OT Lines Forwards
Mika Zibanejad, Robert Thomas, Travis Konecny, Chandler Stephenson, Yanni Gourde, Pavel Zacha, Jonathan Toews, William Carrier, Michael McLeod, Michael Amadio
Custom OT Lines Defensemen
Thomas Chabot, Brett Pesce, Brian Dumoulin, Travis Hamonic, Nick Holden

Scratches
Ryan McLeod (Healthy), Ryan Donato (Healthy), Sam Steel (Back Spasms Injury)

SASKATOON DUCKS

5 vs 5 Forward 
   Center                   Left Wing                Right Wing               Time % Phy DF OF 
 1 Sidney Crosby            John Tavares             Jake Guentzel            36     1   2  2  
 2 Ivan Barbashev           Mathieu Joseph           Ryan Strome              31     1   2  2  
 3 Paul Stastny             Kasperi Kapanen          Kailer Yamamoto          23     1   2  2  
 4 Nils Aman                Milan Lucic              Matt Martin              10     1   2  2  

5 vs 5 Defense 
   Defense                  Defense                                           Time % Phy DF OF 
 1 Samuel Girard            Jake Sanderson                                    36     1   2  2  
 2 Ben Chiarot              Damon Severson                                    31     1   2  2  
 3 Chris Tanev              Jaycob Megna                                      23     1   2  2  
 4 Samuel Girard            Jake Sanderson                                    10     1   2  2  

PowerPlay Forward 
   Center                   Left Wing                Right Wing               Time % Phy DF OF 
 1 Sidney Crosby            John Tavares             Jake Guentzel            55     1   2  2  
 2 Ivan Barbashev           Mathieu Joseph           Ryan Strome              45     1   2  2  

PowerPlay Defense
   Defense                  Defense                                           Time % Phy DF OF 
 1 Samuel Girard            Jake Sanderson                                    55     1   2  2  
 2 Ben Chiarot              Damon Severson                                    45     1   2  2  

Penalty Kill 4 Players Forward 
   Center                   Wing                     Time % Phy DF OF 
 1 Sidney Crosby            Mathieu Joseph           55     1   2  2  
 2 John Tavares             Ivan Barbashev           45     1   2  2  

Penalty Kill 4 Players Defense
   Defense                  Defense                  Time % Phy DF OF 
 1 Samuel Girard            Jake Sanderson           55     1   2  2  
 2 Ben Chiarot              Damon Severson           45     1   2  2  

Penalty Kill - 3 Players Forward 
   Forward                                           Time % Phy DF OF 
 1 Sidney Crosby                                     55     1   2  2  
 2 John Tavares                                      45     1   2  2  

Penalty Kill - 3 Players Defense
   Defense                  Defense                  Time % Phy DF OF 
 1 Samuel Girard            Jake Sanderson           55     1   2  2  
 2 Ben Chiarot              Damon Severson           45     1   2  2  

4 vs 4 Forward 
   Center                   Wing                     Time % Phy DF OF 
 1 Sidney Crosby            John Tavares             55     1   2  2  
 2 Jake Guentzel            Ivan Barbashev           45     1   2  2  

4 vs 4 Defense
   Defense                  Defense                  Time % Phy DF OF 
 1 Samuel Girard            Jake Sanderson           55     1   2  2  
 2 Ben Chiarot              Damon Severson           45     1   2  2  

Last Minutes Offensive
   Center                   Left Wing                Right Wing               Defense                  Defense                  
   Sidney Crosby            John Tavares             Jake Guentzel            Samuel Girard            Jake Sanderson           

Last Minutes Defensive
   Center                   Left Wing                Right Wing               Defense                  Defense                  
   Sidney Crosby            John Tavares             Jake Guentzel            Samuel Girard            Jake Sanderson           

Goaltenders
Starting : Anton Forsberg           
Backup : Tristan Jarry            

Extra Forwards
Normal : John Tavares, Sidney Crosby, Jake Guentzel - PP : John Tavares, Sidney Crosby - PK : Sidney Crosby
Extra Defensemen
Normal : Jake Sanderson, Samuel Girard, Ben Chiarot - PP : Chris Tanev - PK : Chris Tanev, Ben Chiarot
Penalty Shots
Sidney Crosby, John Tavares, Jake Guentzel, Ivan Barbashev, Mathieu Joseph
Custom OT Lines Forwards
Sidney Crosby, John Tavares, Jake Guentzel, Ivan Barbashev, Mathieu Joseph, Ryan Strome, Nils Aman, Kasperi Kapanen, Kailer Yamamoto, Paul Stastny
Custom OT Lines Defensemen
Samuel Girard, Jake Sanderson, Ben Chiarot, Damon Severson, Chris Tanev

Scratches
None


% Time on Ice - PORTLAND PIRATES

Lines # - Real PCT - Wanted PCT - Time Play
Normal Forward
1 - 35% - 34% - 18:44
2 - 33% - 32% - 17:18
3 - 23% - 24% - 12:20
4 - 9% - 10% - 4:30
Normal Defense
1 - 34% - 34% - 18:07
2 - 35% - 34% - 18:43
3 - 21% - 22% - 11:15
4 - 9% - 10% - 4:47
PP Forward
1 - 64% - 60% - 3:50
2 - 36% - 40% - 2:07
PP Defense
1 - 39% - 60% - 2:18
2 - 61% - 40% - 3:39
PK Forward
1 - 100% - 60% - 0:45
2 - 0% - 40% - 0:00
PK Defense
1 - 38% - 60% - 0:17
2 - 62% - 40% - 0:28
PK3 Forward
1 - 0% - 55%
2 - 0% - 45%
PK3 Defense
1 - 0% - 55%
2 - 0% - 45%
44 Forward
1 - 0% - 55%
2 - 0% - 45%
44 Defense
1 - 0% - 55%
2 - 0% - 45%
Last Minute Offensive  - 0:00
Last Minute Defensive  - 0:26
Total
Forward - 60:00
Defense - 60:00

% Time on Ice - SASKATOON DUCKS

Lines # - Real PCT - Wanted PCT - Time Play
Normal Forward
1 - 34% - 36% - 18:23
2 - 28% - 31% - 15:08
3 - 21% - 23% - 11:24
4 - 16% - 10% - 8:23
Normal Defense
1 - 34% - 36% - 18:10
2 - 32% - 31% - 16:55
3 - 25% - 23% - 13:11
4 - 9% - 10% - 5:02
PP Forward
1 - 0% - 55% - 0:00
2 - 100% - 45% - 0:45
PP Defense
1 - 0% - 55% - 0:00
2 - 100% - 45% - 0:45
PK Forward
1 - 61% - 55% - 3:36
2 - 39% - 45% - 2:21
PK Defense
1 - 51% - 55% - 3:01
2 - 49% - 45% - 2:56
PK3 Forward
1 - 0% - 55%
2 - 0% - 45%
PK3 Defense
1 - 0% - 55%
2 - 0% - 45%
44 Forward
1 - 0% - 55%
2 - 0% - 45%
44 Defense
1 - 0% - 55%
2 - 0% - 45%
Last Minute Offensive  - 0:00
Last Minute Defensive  - 0:00
Total
Forward - 60:00
Defense - 60:00

Play-by-Play

1st period


0:01 of 1st period - Mika Zibanejad wins face-off versus Sidney Crosby in neutral zone.
0:14 of 1st period - Shot by Robert Thomas.
0:14 of 1st period - Stopped by Anton Forsberg without a rebound.
0:15 of 1st period - Ivan Barbashev wins face-off versus Yanni Gourde in SASKATOON DUCKS zone.
0:24 of 1st period - Shot by Chandler Stephenson.
0:24 of 1st period - Shot Misses the Net.
0:26 of 1st period - Shot by Brian Dumoulin.
0:26 of 1st period - Shot Misses the Net.
0:28 of 1st period - Shot by Thomas Chabot.
0:28 of 1st period - Stopped by Anton Forsberg without a rebound.
0:29 of 1st period - Michael Amadio wins face-off versus Paul Stastny in SASKATOON DUCKS zone.
0:52 of 1st period - Shot by Kasperi Kapanen.
0:52 of 1st period - Stopped by Cameron Talbot without a rebound.
0:53 of 1st period - Mika Zibanejad wins face-off versus Milan Lucic in PORTLAND PIRATES zone.
1:21 of 1st period - Shot by Robert Thomas.
1:21 of 1st period - Stopped by Anton Forsberg without a rebound.
1:22 of 1st period - Chandler Stephenson wins face-off versus Sidney Crosby in SASKATOON DUCKS zone.
1:27 of 1st period - Shot by Yanni Gourde.
1:27 of 1st period - Stopped by Anton Forsberg without a rebound.
1:28 of 1st period - Michael McLeod wins face-off versus Ivan Barbashev in SASKATOON DUCKS zone.
2:02 of 1st period - Shot by Michael Amadio.
2:02 of 1st period - Goal by Michael Amadio - PORTLAND PIRATES : 1 - SASKATOON DUCKS : 0.
2:03 of 1st period - Sidney Crosby wins face-off versus Chandler Stephenson in neutral zone.
2:58 of 1st period - Icing by Brian Dumoulin.
2:59 of 1st period - Paul Stastny wins face-off versus Mika Zibanejad in PORTLAND PIRATES zone.
3:00 of 1st period - Shot by Kasperi Kapanen.
3:00 of 1st period - Stopped by Cameron Talbot with a rebound.
3:22 of 1st period - Travis Konecny is hit by Paul Stastny and loses puck.
3:46 of 1st period - Robert Thomas is hit by Chris Tanev and loses puck.
4:26 of 1st period - Off-side.
4:27 of 1st period - Chandler Stephenson wins face-off versus Sidney Crosby in neutral zone.
4:40 of 1st period - Shot by Pavel Zacha.
4:40 of 1st period - Shot Misses the Net.
4:42 of 1st period - Shot by Pavel Zacha.
4:42 of 1st period - Stopped by Anton Forsberg without a rebound.
4:43 of 1st period - Ivan Barbashev wins face-off versus Mika Zibanejad in SASKATOON DUCKS zone.
4:45 of 1st period - Icing by Mathieu Joseph.
4:46 of 1st period - Mathieu Joseph wins face-off versus Chandler Stephenson in SASKATOON DUCKS zone.
5:25 of 1st period - Shot by Pavel Zacha.
5:25 of 1st period - Shot Misses the Net.
6:03 of 1st period - Shot by Jake Guentzel.
6:03 of 1st period - Stopped by Cameron Talbot without a rebound.
6:04 of 1st period - Nils Aman wins face-off versus Jonathan Toews in PORTLAND PIRATES zone.
6:13 of 1st period - Shot by Milan Lucic.
6:13 of 1st period - Goal by Milan Lucic - PORTLAND PIRATES : 1 - SASKATOON DUCKS : 1.
6:14 of 1st period - Mika Zibanejad wins face-off versus Sidney Crosby in neutral zone.
7:47 of 1st period - Shot by Mathieu Joseph.
7:47 of 1st period - Stopped by Cameron Talbot with a rebound.
7:49 of 1st period - Shot by Mathieu Joseph.
7:49 of 1st period - Stopped by Cameron Talbot without a rebound.
7:50 of 1st period - Paul Stastny wins face-off versus Chandler Stephenson in PORTLAND PIRATES zone.
9:41 of 1st period - Shot by Jake Guentzel.
9:41 of 1st period - Shot Misses the Net.
10:47 of 1st period - Shot by Mika Zibanejad.
10:47 of 1st period - Stopped by Anton Forsberg with a rebound.
10:49 of 1st period - Shot by Robert Thomas.
10:49 of 1st period - Shot Misses the Net.
10:59 of 1st period - Shot by Mika Zibanejad.
10:59 of 1st period - Stopped by Anton Forsberg without a rebound.
11:00 of 1st period - Chandler Stephenson wins face-off versus Nils Aman in SASKATOON DUCKS zone.
11:22 of 1st period - Shot by Pavel Zacha.
11:22 of 1st period - Goal by Pavel Zacha - PORTLAND PIRATES : 2 - SASKATOON DUCKS : 1.
11:23 of 1st period - Chandler Stephenson wins face-off versus Ivan Barbashev in neutral zone.
11:25 of 1st period - Yanni Gourde is hit by Jaycob Megna and loses puck.
11:43 of 1st period - Minor Penalty to Mathieu Joseph for High sticking.
11:44 of 1st period - Mika Zibanejad wins face-off versus Sidney Crosby in SASKATOON DUCKS zone.
12:06 of 1st period - Mika Zibanejad is hit by Ben Chiarot.
12:40 of 1st period - Samuel Girard is hit by Robert Thomas and loses puck.
13:42 of 1st period - Shot by Travis Konecny.
13:42 of 1st period - Shot Misses the Net.
13:48 of 1st period - Shot by Michael Amadio.
13:48 of 1st period - Shot Blocked by Jaycob Megna.
13:52 of 1st period - Shot by Jonathan Toews.
13:52 of 1st period - Stopped by Anton Forsberg without a rebound.
13:53 of 1st period - Jonathan Toews wins face-off versus Kailer Yamamoto in SASKATOON DUCKS zone.
13:54 of 1st period - Shot by William Carrier.
13:54 of 1st period - Stopped by Anton Forsberg without a rebound.
13:55 of 1st period - Jonathan Toews wins face-off versus Ivan Barbashev in SASKATOON DUCKS zone.
14:49 of 1st period - Shot by Mika Zibanejad.
14:49 of 1st period - Shot Blocked by Ben Chiarot.
14:51 of 1st period - Shot by Robert Thomas.
14:51 of 1st period - Deflect By Mika Zibanejad.
14:51 of 1st period - Shot Misses the Net.
15:07 of 1st period - Shot by Thomas Chabot.
15:07 of 1st period - Shot Misses the Net.
16:08 of 1st period - Shot by Chandler Stephenson.
16:08 of 1st period - Stopped by Anton Forsberg without a rebound.
16:09 of 1st period - Sidney Crosby wins face-off versus Jonathan Toews in SASKATOON DUCKS zone.
17:16 of 1st period - Shot by Robert Thomas.
17:16 of 1st period - Stopped by Anton Forsberg without a rebound.
17:17 of 1st period - Pavel Zacha wins face-off versus Kasperi Kapanen in SASKATOON DUCKS zone.
17:18 of 1st period - Shot by Chandler Stephenson.
17:18 of 1st period - Shot Misses the Net.
17:20 of 1st period - Shot by Chandler Stephenson.
17:20 of 1st period - Shot Blocked by Chris Tanev.
17:36 of 1st period - Shot by Kasperi Kapanen.
17:36 of 1st period - Stopped by Cameron Talbot without a rebound.
17:37 of 1st period - Mika Zibanejad wins face-off versus Nils Aman in PORTLAND PIRATES zone.
17:37 of 1st period - Mika Zibanejad is hit by Matt Martin.
18:08 of 1st period - Shot by Mika Zibanejad.
18:08 of 1st period - Deflect By Robert Thomas.
18:08 of 1st period - Shot Blocked by Jake Sanderson.
18:10 of 1st period - Shot by Travis Konecny.
18:10 of 1st period - Shot Misses the Net.
18:12 of 1st period - Shot by Robert Thomas.
18:12 of 1st period - Deflect By Travis Konecny.
18:12 of 1st period - Shot Misses the Net.
18:14 of 1st period - Shot by Travis Konecny.
18:14 of 1st period - Stopped by Anton Forsberg without a rebound.
18:15 of 1st period - Sidney Crosby wins face-off versus Chandler Stephenson in SASKATOON DUCKS zone.
18:15 of 1st period - Sidney Crosby is hit by Yanni Gourde.
18:39 of 1st period - Shot by Sidney Crosby.
18:39 of 1st period - Shot Blocked by Travis Hamonic.
18:51 of 1st period - Shot by John Tavares.
18:51 of 1st period - Stopped by Cameron Talbot without a rebound.
18:52 of 1st period - Jonathan Toews wins face-off versus Paul Stastny in PORTLAND PIRATES zone.
19:03 of 1st period - Shot by Jonathan Toews.
19:03 of 1st period - Shot Misses the Net.
19:15 of 1st period - Shot by Kailer Yamamoto.
19:15 of 1st period - Stopped by Cameron Talbot without a rebound.
19:16 of 1st period - Robert Thomas wins face-off versus Ivan Barbashev in PORTLAND PIRATES zone.
19:48 of 1st period - Shot by Mathieu Joseph.
19:48 of 1st period - Shot Misses the Net.
19:50 of 1st period - Shot by Mathieu Joseph.
19:50 of 1st period - Stopped by Cameron Talbot without a rebound.
19:51 of 1st period - Jonathan Toews wins face-off versus Sidney Crosby in PORTLAND PIRATES zone.
Goals for this period are 2 for PORTLAND PIRATES vs 1 for SASKATOON DUCKS.
Shots for this period are 14 for PORTLAND PIRATES vs 10 for SASKATOON DUCKS.

2nd period


0:01 of 2nd period - Sidney Crosby wins face-off versus Jonathan Toews in neutral zone.
0:16 of 2nd period - Shot by John Tavares.
0:16 of 2nd period - Shot Blocked by Brett Pesce.
0:18 of 2nd period - Shot by John Tavares.
0:18 of 2nd period - Shot Misses the Net.
0:20 of 2nd period - Shot by Samuel Girard.
0:20 of 2nd period - Shot Misses the Net.
0:42 of 2nd period - Shot by Jake Guentzel.
0:42 of 2nd period - Shot Misses the Net.
0:44 of 2nd period - Shot by John Tavares.
0:44 of 2nd period - Stopped by Cameron Talbot without a rebound.
0:45 of 2nd period - Robert Thomas wins face-off versus Paul Stastny in PORTLAND PIRATES zone.
0:45 of 2nd period - Robert Thomas is hit by Kasperi Kapanen.
0:50 of 2nd period - Travis Konecny is hit by Kasperi Kapanen and loses puck.
2:18 of 2nd period - Chandler Stephenson is hit by Jake Guentzel and loses puck.
2:25 of 2nd period - Shot by Marc Staal.
2:25 of 2nd period - Shot Misses the Net.
2:57 of 2nd period - Shot by William Carrier.
2:57 of 2nd period - Shot Misses the Net.
3:00 of 2nd period - Icing by Chris Tanev.
3:01 of 2nd period - Ivan Barbashev wins face-off versus Mika Zibanejad in SASKATOON DUCKS zone.
3:01 of 2nd period - Ivan Barbashev is hit by Mika Zibanejad.
3:12 of 2nd period - Travis Konecny is hit by Chris Tanev and loses puck.
3:25 of 2nd period - Shot by Travis Konecny.
3:25 of 2nd period - Shot Blocked by Ryan Strome.
3:33 of 2nd period - Shot by Robert Thomas.
3:33 of 2nd period - Stopped by Anton Forsberg without a rebound.
3:34 of 2nd period - Nils Aman wins face-off versus Chandler Stephenson in SASKATOON DUCKS zone.
3:34 of 2nd period - Nils Aman is hit by Pavel Zacha.
3:56 of 2nd period - Shot by Chandler Stephenson.
3:56 of 2nd period - Stopped by Anton Forsberg without a rebound.
3:57 of 2nd period - Jonathan Toews wins face-off versus Jake Guentzel in SASKATOON DUCKS zone.
4:11 of 2nd period - Minor Penalty to Marc Staal for Holding.
4:12 of 2nd period - Michael McLeod wins face-off versus Mathieu Joseph in PORTLAND PIRATES zone.
4:12 of 2nd period - Michael McLeod is hit by Mathieu Joseph.
4:26 of 2nd period - Shot by Mathieu Joseph.
4:26 of 2nd period - Shot Blocked by Alec Martinez.
4:28 of 2nd period - Shot by Ivan Barbashev.
4:28 of 2nd period - Deflect By Mathieu Joseph.
4:28 of 2nd period - Goal by Mathieu Joseph - PORTLAND PIRATES : 2 - SASKATOON DUCKS : 2.
4:29 of 2nd period - Jake Guentzel wins face-off versus Chandler Stephenson in neutral zone.
4:34 of 2nd period - Shot by Jake Guentzel.
4:34 of 2nd period - Stopped by Cameron Talbot without a rebound.
4:35 of 2nd period - Sidney Crosby wins face-off versus Mika Zibanejad in PORTLAND PIRATES zone.
4:51 of 2nd period - Jake Guentzel is hit by Travis Hamonic and loses puck.
5:16 of 2nd period - Shot by John Tavares.
5:16 of 2nd period - Shot Misses the Net.
5:20 of 2nd period - Shot by Jake Guentzel.
5:20 of 2nd period - Shot Misses the Net.
5:22 of 2nd period - Shot by Jake Guentzel.
5:22 of 2nd period - Stopped by Cameron Talbot without a rebound.
5:23 of 2nd period - Ivan Barbashev wins face-off versus Chandler Stephenson in PORTLAND PIRATES zone.
7:01 of 2nd period - Icing by Damon Severson.
7:02 of 2nd period - Robert Thomas wins face-off versus Paul Stastny in SASKATOON DUCKS zone.
7:19 of 2nd period - Shot by Travis Konecny.
7:19 of 2nd period - Shot Misses the Net.
7:44 of 2nd period - Jake Guentzel is hit by Travis Hamonic and loses puck.
7:57 of 2nd period - Shot by John Tavares.
7:57 of 2nd period - Deflect By Sidney Crosby.
7:57 of 2nd period - Shot Misses the Net.
7:59 of 2nd period - Shot by Jake Sanderson.
7:59 of 2nd period - Shot Misses the Net.
8:01 of 2nd period - Shot by Jake Sanderson.
8:01 of 2nd period - Shot Misses the Net.
8:03 of 2nd period - Shot by Jake Guentzel.
8:03 of 2nd period - Shot Blocked by Robert Thomas.
8:05 of 2nd period - Shot by Samuel Girard.
8:05 of 2nd period - Shot Blocked by Travis Hamonic.
8:47 of 2nd period - Shot by Mathieu Joseph.
8:47 of 2nd period - Shot Misses the Net.
8:48 of 2nd period - Minor Penalty to Travis Hamonic for Tripping.
8:49 of 2nd period - Ivan Barbashev wins face-off versus Michael McLeod in PORTLAND PIRATES zone.
9:04 of 2nd period - Shot by Ivan Barbashev.
9:04 of 2nd period - Shot Misses the Net.
9:06 of 2nd period - Shot by Damon Severson.
9:06 of 2nd period - Stopped by Cameron Talbot with a rebound.
9:16 of 2nd period - Shot by Ryan Strome.
9:16 of 2nd period - Goal by Ryan Strome - PORTLAND PIRATES : 2 - SASKATOON DUCKS : 3.
9:17 of 2nd period - Chandler Stephenson wins face-off versus Nils Aman in neutral zone.
9:24 of 2nd period - Shot by Chandler Stephenson.
9:24 of 2nd period - Shot Blocked by Chris Tanev.
9:55 of 2nd period - Shot by Matt Martin.
9:55 of 2nd period - Shot Misses the Net.
10:31 of 2nd period - Shot by Sidney Crosby.
10:31 of 2nd period - Stopped by Cameron Talbot without a rebound.
10:32 of 2nd period - Jonathan Toews wins face-off versus Ivan Barbashev in PORTLAND PIRATES zone.
10:41 of 2nd period - Shot by Ryan Strome.
10:41 of 2nd period - Shot Misses the Net.
10:51 of 2nd period - Shot by Alec Martinez.
10:51 of 2nd period - Stopped by Anton Forsberg without a rebound.
10:52 of 2nd period - Mika Zibanejad wins face-off versus Sidney Crosby in SASKATOON DUCKS zone.
11:59 of 2nd period - Shot by Ivan Barbashev.
11:59 of 2nd period - Shot Blocked by Brett Pesce.
12:17 of 2nd period - Minor Penalty to Ben Chiarot for High sticking.
12:18 of 2nd period - Robert Thomas wins face-off versus Sidney Crosby in SASKATOON DUCKS zone.
12:27 of 2nd period - Shot by Robert Thomas.
12:27 of 2nd period - Stopped by Anton Forsberg with a rebound.
12:29 of 2nd period - Shot by Robert Thomas.
12:29 of 2nd period - Stopped by Anton Forsberg without a rebound.
12:30 of 2nd period - Sidney Crosby wins face-off versus Mika Zibanejad in SASKATOON DUCKS zone.
12:49 of 2nd period - Shot by Travis Konecny.
12:49 of 2nd period - Stopped by Anton Forsberg without a rebound.
12:50 of 2nd period - Robert Thomas wins face-off versus Sidney Crosby in SASKATOON DUCKS zone.
13:13 of 2nd period - Shot by Robert Thomas.
13:13 of 2nd period - Stopped by Anton Forsberg without a rebound.
13:14 of 2nd period - Mika Zibanejad wins face-off versus John Tavares in SASKATOON DUCKS zone.
13:19 of 2nd period - Shot by Travis Konecny.
13:19 of 2nd period - Shot Blocked by John Tavares.
13:56 of 2nd period - Icing by Chandler Stephenson.
13:57 of 2nd period - Mika Zibanejad wins face-off versus Sidney Crosby in PORTLAND PIRATES zone.
14:44 of 2nd period - Icing by Chris Tanev.
14:45 of 2nd period - Yanni Gourde wins face-off versus Paul Stastny in SASKATOON DUCKS zone.
14:51 of 2nd period - Chandler Stephenson is hit by Jaycob Megna and loses puck.
14:58 of 2nd period - Brett Pesce is hit by Kailer Yamamoto and loses puck.
15:36 of 2nd period - Shot by Mathieu Joseph.
15:36 of 2nd period - Stopped by Cameron Talbot without a rebound.
15:37 of 2nd period - Jonathan Toews wins face-off versus Sidney Crosby in PORTLAND PIRATES zone.
15:37 of 2nd period - Jonathan Toews is hit by Sidney Crosby.
16:15 of 2nd period - Shot by Jake Guentzel.
16:15 of 2nd period - Stopped by Cameron Talbot without a rebound.
16:16 of 2nd period - Mika Zibanejad wins face-off versus Ivan Barbashev in PORTLAND PIRATES zone.
16:16 of 2nd period - Mika Zibanejad is hit by Ivan Barbashev.
16:38 of 2nd period - Shot by Travis Konecny.
16:38 of 2nd period - Shot Misses the Net.
16:40 of 2nd period - Shot by Alec Martinez.
16:40 of 2nd period - Stopped by Anton Forsberg with a rebound.
16:42 of 2nd period - Shot by Travis Konecny.
16:42 of 2nd period - Shot Blocked by Mathieu Joseph.
16:44 of 2nd period - Shot by Travis Konecny.
16:44 of 2nd period - Stopped by Anton Forsberg without a rebound.
16:45 of 2nd period - Chandler Stephenson wins face-off versus Paul Stastny in SASKATOON DUCKS zone.
16:46 of 2nd period - Shot by Yanni Gourde.
16:46 of 2nd period - Stopped by Anton Forsberg without a rebound.
16:47 of 2nd period - Chandler Stephenson wins face-off versus Sidney Crosby in SASKATOON DUCKS zone.
18:23 of 2nd period - Icing by Jake Sanderson.
18:24 of 2nd period - Mika Zibanejad wins face-off versus Ryan Strome in SASKATOON DUCKS zone.
18:24 of 2nd period - Mika Zibanejad is hit by Samuel Girard.
18:28 of 2nd period - Shot by Mika Zibanejad.
18:28 of 2nd period - Stopped by Anton Forsberg without a rebound.
18:29 of 2nd period - Mika Zibanejad wins face-off versus Paul Stastny in SASKATOON DUCKS zone.
18:42 of 2nd period - Shot by Robert Thomas.
18:42 of 2nd period - Stopped by Anton Forsberg without a rebound.
18:43 of 2nd period - Chandler Stephenson wins face-off versus Ivan Barbashev in SASKATOON DUCKS zone.
18:46 of 2nd period - Shot by Pavel Zacha.
18:46 of 2nd period - Stopped by Anton Forsberg without a rebound.
18:47 of 2nd period - Chandler Stephenson wins face-off versus Paul Stastny in SASKATOON DUCKS zone.
18:48 of 2nd period - Shot by Yanni Gourde.
18:48 of 2nd period - Shot Misses the Net.
19:04 of 2nd period - Shot by Chandler Stephenson.
19:04 of 2nd period - Shot Blocked by Samuel Girard.
Goals for this period are 0 for PORTLAND PIRATES vs 2 for SASKATOON DUCKS.
Shots for this period are 13 for PORTLAND PIRATES vs 9 for SASKATOON DUCKS.

3rd period


0:01 of 3rd period - Jonathan Toews wins face-off versus Ivan Barbashev in neutral zone.
0:07 of 3rd period - Icing by Samuel Girard.
0:08 of 3rd period - Mika Zibanejad wins face-off versus Ivan Barbashev in SASKATOON DUCKS zone.
0:43 of 3rd period - Shot by Mika Zibanejad.
0:43 of 3rd period - Stopped by Anton Forsberg without a rebound.
0:44 of 3rd period - Sidney Crosby wins face-off versus Jonathan Toews in SASKATOON DUCKS zone.
1:17 of 3rd period - Shot by Thomas Chabot.
1:17 of 3rd period - Stopped by Anton Forsberg without a rebound.
1:18 of 3rd period - Ivan Barbashev wins face-off versus Chandler Stephenson in SASKATOON DUCKS zone.
1:38 of 3rd period - Mathieu Joseph is hit by Marc Staal and loses puck.
1:47 of 3rd period - Shot by Mathieu Joseph.
1:47 of 3rd period - Shot Blocked by Marc Staal.
1:49 of 3rd period - Shot by Ivan Barbashev.
1:49 of 3rd period - Stopped by Cameron Talbot without a rebound.
1:50 of 3rd period - John Tavares wins face-off versus Mika Zibanejad in PORTLAND PIRATES zone.
1:52 of 3rd period - Jake Guentzel is hit by Thomas Chabot and loses puck.
2:03 of 3rd period - Shot by Jake Guentzel.
2:03 of 3rd period - Stopped by Cameron Talbot without a rebound.
2:04 of 3rd period - Nils Aman wins face-off versus Michael McLeod in PORTLAND PIRATES zone.
3:18 of 3rd period - Shot by Mika Zibanejad.
3:18 of 3rd period - Shot Blocked by Nils Aman.
3:31 of 3rd period - Icing by Chris Tanev.
3:32 of 3rd period - Chandler Stephenson wins face-off versus Nils Aman in SASKATOON DUCKS zone.
3:41 of 3rd period - Shot by Yanni Gourde.
3:41 of 3rd period - Shot Hit the Post.
3:54 of 3rd period - Icing by Yanni Gourde.
3:55 of 3rd period - Chandler Stephenson wins face-off versus Sidney Crosby in PORTLAND PIRATES zone.
3:55 of 3rd period - Yanni Gourde is hit by John Tavares and loses puck.
4:04 of 3rd period - Shot by John Tavares.
4:04 of 3rd period - Shot Misses the Net.
4:06 of 3rd period - Shot by Sidney Crosby.
4:06 of 3rd period - Shot Misses the Net.
4:22 of 3rd period - Shot by Jake Guentzel.
4:22 of 3rd period - Shot Misses the Net.
4:24 of 3rd period - Shot by Jake Sanderson.
4:24 of 3rd period - Shot Misses the Net.
4:28 of 3rd period - Shot by Sidney Crosby.
4:28 of 3rd period - Stopped by Cameron Talbot without a rebound.
4:29 of 3rd period - Jonathan Toews wins face-off versus Ivan Barbashev in PORTLAND PIRATES zone.
4:44 of 3rd period - Shot by Ivan Barbashev.
4:44 of 3rd period - Shot Misses the Net.
4:46 of 3rd period - Shot by Damon Severson.
4:46 of 3rd period - Stopped by Cameron Talbot without a rebound.
4:47 of 3rd period - Mika Zibanejad wins face-off versus Kailer Yamamoto in PORTLAND PIRATES zone.
4:58 of 3rd period - Shot by Mika Zibanejad.
4:58 of 3rd period - Shot Misses the Net.
5:17 of 3rd period - Icing by Brian Dumoulin.
5:18 of 3rd period - Mika Zibanejad wins face-off versus Sidney Crosby in PORTLAND PIRATES zone.
7:13 of 3rd period - Shot by Chandler Stephenson.
7:13 of 3rd period - Shot Misses the Net.
7:43 of 3rd period - Shot by Mika Zibanejad.
7:43 of 3rd period - Goal by Mika Zibanejad - PORTLAND PIRATES : 3 - SASKATOON DUCKS : 3.
7:44 of 3rd period - Michael McLeod wins face-off versus Jake Guentzel in neutral zone.
7:50 of 3rd period - Icing by Ben Chiarot.
7:51 of 3rd period - Sidney Crosby wins face-off versus Travis Konecny in SASKATOON DUCKS zone.
8:00 of 3rd period - Shot by John Tavares.
8:00 of 3rd period - Shot Blocked by Travis Konecny.
8:17 of 3rd period - Icing by Sidney Crosby.
8:18 of 3rd period - Sidney Crosby wins face-off versus Jonathan Toews in SASKATOON DUCKS zone.
8:18 of 3rd period - Sidney Crosby is hit by William Carrier.
9:35 of 3rd period - Yanni Gourde is hit by Kasperi Kapanen and loses puck.
10:55 of 3rd period - Shot by Robert Thomas.
10:55 of 3rd period - Stopped by Anton Forsberg without a rebound.
10:56 of 3rd period - Sidney Crosby wins face-off versus Robert Thomas in SASKATOON DUCKS zone.
11:00 of 3rd period - Minor Penalty to Jake Guentzel for Roughing.
11:01 of 3rd period - Mika Zibanejad wins face-off versus Sidney Crosby in SASKATOON DUCKS zone.
11:30 of 3rd period - Shot by Travis Konecny.
11:30 of 3rd period - Stopped by Anton Forsberg with a rebound.
11:32 of 3rd period - Shot by Mika Zibanejad.
11:32 of 3rd period - Shot Misses the Net.
13:27 of 3rd period - Shot by Kailer Yamamoto.
13:27 of 3rd period - Stopped by Cameron Talbot without a rebound.
13:28 of 3rd period - Chandler Stephenson wins face-off versus Nils Aman in PORTLAND PIRATES zone.
13:51 of 3rd period - Brian Dumoulin is hit by Matt Martin and loses puck.
15:40 of 3rd period - Shot by Mathieu Joseph.
15:40 of 3rd period - Stopped by Cameron Talbot without a rebound.
15:41 of 3rd period - Michael McLeod wins face-off versus Paul Stastny in PORTLAND PIRATES zone.
16:02 of 3rd period - Shot by Nathan Bastian.
16:02 of 3rd period - Shot Blocked by Samuel Girard.
16:34 of 3rd period - Shot by Chandler Stephenson.
16:34 of 3rd period - Deflect By Yanni Gourde.
16:34 of 3rd period - Stopped by Anton Forsberg with a rebound.
16:36 of 3rd period - Shot by Yanni Gourde.
16:36 of 3rd period - Shot Misses the Net.
16:38 of 3rd period - Shot by Yanni Gourde.
16:38 of 3rd period - Stopped by Anton Forsberg without a rebound.
16:39 of 3rd period - Chandler Stephenson wins face-off versus Sidney Crosby in SASKATOON DUCKS zone.
17:32 of 3rd period - Icing by Damon Severson.
17:33 of 3rd period - Sidney Crosby wins face-off versus Mika Zibanejad in SASKATOON DUCKS zone.
17:54 of 3rd period - Shot by Mika Zibanejad.
17:54 of 3rd period - Goal by Mika Zibanejad - PORTLAND PIRATES : 4 - SASKATOON DUCKS : 3.
17:55 of 3rd period - Jonathan Toews wins face-off versus Nils Aman in neutral zone.
18:05 of 3rd period - Shot by Michael Amadio.
18:05 of 3rd period - Shot Misses the Net.
18:07 of 3rd period - Shot by Nick Holden.
18:07 of 3rd period - Shot Misses the Net.
18:09 of 3rd period - Shot by Michael Amadio.
18:09 of 3rd period - Deflect By Jonathan Toews.
18:09 of 3rd period - Shot Misses the Net.
18:13 of 3rd period - Shot by Jonathan Toews.
18:13 of 3rd period - Shot Misses the Net.
18:15 of 3rd period - Shot by Nick Holden.
18:15 of 3rd period - Shot Blocked by Jake Sanderson.
19:13 of 3rd period - Shot by Mika Zibanejad.
19:13 of 3rd period - Shot Misses the Net.
Goals for this period are 2 for PORTLAND PIRATES vs 0 for SASKATOON DUCKS.
Shots for this period are 8 for PORTLAND PIRATES vs 6 for SASKATOON DUCKS.


BLAKE
WHEELER
STEVEN
STAMKOS
DREW
DOUGHTY

EAST COAST

HOCKEY LEAGUE

  • 63.RHI2PIT5
  • 64.WOR4ATL3
  • 65.QUECHW
  • 66.CHATRV